 Dungeon Crawl Stone Soup version 0.27-a0-869-g165b36e3f0 (webtiles) character file.

Game seed: 4442094651405736366

1303 polve the Frost Mage (level 8, -8/62 HPs)
             Began as a Merfolk Ice Elementalist on Apr 2, 2021.
             Mangled by a troll (9 damage)
             ... on level 8 of the Dungeon.
             The game lasted 00:09:15 (7824 turns).

polve the Frost Mage (Merfolk Ice Elementalist)     Turns: 7824, Time: 00:09:15

Health: -8/62      AC:  6    Str: 15    XL:     8   Next: 57%
Magic:  4/11       EV: 12    Int: 20    God:
Gold:   214        SH:  0    Dex: 14    Spells: 0/11 levels left

rFire    . . .     SeeInvis .   u - +3 halberd (freeze)
rCold    . . .     Faith    .   (shield currently unavailable)
rNeg     . . .     Spirit   .   z - +2 leather armour of Pathos {Int+4}
rPois    .         Reflect  .   (no helmet)
rElec    .         Harm     .   (no cloak)
rCorr    .         Rampage  .   (no gloves)
Will     .....                  g - +0 pair of boots
Stlth    ++........             h - amulet of the acrobat
HPRegen  0.20/turn              v - +6 ring of strength
MPRegen  0.12/turn              w - ring of wizardry

@: brilliant
A: (nimble swimmer 2), mertail
a: no special abilities


You were on level 8 of the Dungeon.
You visited 1 branch of the dungeon, and saw 8 of its levels.
You also visited: Sewer.

You collected 214 gold pieces.

Inventory:

Hand Weapons
 b - a +2 short sword of electrocution
 u - a +3 halberd of freezing (weapon)
Armour
 a - a +0 robe
 g - a +0 pair of boots (worn)
 r - the +1 leather armour of the Big Bang {rCorr}
   (You found it in a sewer)

   It protects you from acid and corrosion.
 z - the +2 leather armour of Pathos (worn) {Int+4}
   (You found it on level 5 of the Dungeon)

   It affects your intelligence (+4).
Jewellery
 h - an amulet of the acrobat (around neck)
 o - a +6 ring of dexterity
 t - a ring of fire
 v - a +6 ring of strength (left hand)
 w - a ring of wizardry (right hand)
 x - a ring of poison resistance
Scrolls
 c - 3 scrolls of blinking {unknown}
 i - a scroll of enchant weapon {unknown}
 m - a scroll of amnesia {unknown}
 n - 3 scrolls of identify {unknown}
 s - 2 scrolls of teleportation {unknown}
 y - a scroll of immolation {unknown}
Potions
 d - 3 potions of curing
 e - a potion of mutation {unknown}
 f - a potion of brilliance
 j - a potion of resistance {unknown}
 k - 2 potions of heal wounds {unknown}
 l - 3 potions of flight {unknown}
 p - 2 potions of might {unknown}
 q - a potion of magic {unknown}


   Skills:
 + Level 5.1 Fighting
 + Level 6.7 Polearms
 - Level 2.6 Dodging
 - Level 2.1 Stealth
 - Level 2.0 Spellcasting
 - Level 9.3 Ice Magic


You couldn't memorise any spells.
You knew the following spells:

 Your Spells              Type           Power      Damage    Failure   Level
a - Freeze                Ice            100%       1d11      1%          1
b - Frozen Ramparts       Ice            100%       1d12      1%          3
c - Ozocubu's Armour      Ice            56%        N/A       1%          3
d - Summon Ice Beast      Ice/Summ       30%        N/A       12%         4

Your spell library contained the following spells:

 Spells                   Type           Power      Damage    Failure   Level
 Hailstorm                Conj/Ice       30%        3d8       12%         4


Dungeon Overview and Level Annotations

Branches:
Dungeon (9/15)              Sewer (visited)
 Temple: D:4-7         Lair: D:8-11         Orc: D:9-12

Altars:
Beogh

Annotations:
D:3 3 runed translucent doors, WasteTime5's ghost, amateur DjNe
D:5 3 runed translucent doors, casual's ghost, weakling DsDe


Innate Abilities, Weirdness & Mutations

((You are quick and stealthy near water. (Stealth+, EV+, Speed+++)))
Your lower body shifts to a powerful aquatic tail in water.


Message History

A centaur comes into view.
The centaur shouts!
The troll barely misses your ice beast. The troll claws your ice beast.
The troll claws your ice beast!
The centaur wields a +2 shortbow of flaming.
It bursts into flame!
The centaur shoots an arrow.
The arrow barely misses you.
Your ice beast closely misses the troll.
Casting: Summon Ice Beast (dangerous; 12% risk of failure)
Confirm with . or Enter, or press ? or * to list all spells.
You feel a surge of power! A chill wind blows around you.
The centaur shoots an arrow.
The arrow closely misses you. The troll barely misses your ice beast.
The troll closely misses your ice beast.
The troll misses your ice beast.
Your ice beast hits the troll.
Your ice beast freezes the troll!
The centaur unwields a +2 shortbow of flaming.
It stops flaming.
The centaur misses you.
The centaur kicks you but does no damage.
The troll bites your ice beast! The troll claws your ice beast.
Your ice beast dies!
You puncture the centaur! You freeze the centaur.
The centaur is heavily wounded.
The centaur closely misses you. The centaur barely misses you.
The centaur misses you. The centaur closely misses you.
You puncture the centaur! You freeze the centaur.
The centaur is almost dead.
The centaur barely misses you. The centaur closely misses you.
Your ice beast barely misses the centaur.
You barely miss the centaur.
The centaur is almost dead.
The centaur hits you.
* * * LOW HITPOINT WARNING * * *
The centaur kicks you but does no damage.
The centaur hits you.
* * * LOW HITPOINT WARNING * * *
The centaur kicks you but does no damage.
The troll bites you!
* * * LOW HITPOINT WARNING * * *
The troll misses you. The troll claws you!
You die...

... #............$..
..#.
#...##.......#.#
#.##.##...##.......#
# ...
#......##.......# ##
#.##..########### #.
#..######
#.##........
####..T.#######
#...Y@### #[###c#
#.# ... #.. #..#
.... #...


You could see a troll, a centaur (ally target) and a friendly ice beast
(summoned).

Vanquished Creatures
  Edmund (D:5)
  Purgy (Sewer)
  An ogre (D:5)
  2 necrophages
  A phantom (D:3)
  2 kobold brigands (D:4)
  A scorpion (D:5)
  2 hounds (D:5)
  An orc priest (D:5)
  5 jellies
  A bullfrog skeleton (D:5)
  Natasha (twice) (D:2)
  An orc wizard (D:5)
  3 gnolls (D:4)
  A howler monkey skeleton (D:5)
  8 adders
  4 worms
  A dart slug (D:5)
  An orc (D:3)
  2 bats
  7 endoplasms
  6 giant cockroaches
  7 goblins
  6 hobgoblins
  15 jackals
  16 kobolds
  A quokka (D:4)
  3 ball pythons
  10 frilled lizards
  4 rats
116 creatures vanquished.

Notes
Turn   | Place    | Note
-------+----------+-------------------------------------------
     0 | D:1      | polve the Merfolk Ice Elementalist began the quest for the
                  | Orb.
     0 | D:1      | Reached XP level 1. HP: 13/13 MP: 3/3
   273 | D:1      | Reached XP level 2. HP: 15/19 MP: 5/5
   345 | D:1      | Reached skill level 5 in Ice Magic
  1684 | D:2      | Reached XP level 3. HP: 22/24 MP: 3/6
  1727 | D:2      | Noticed a necrophage
  1733 | D:2      | Killed a necrophage
  1734 | D:2      | Reached skill level 6 in Ice Magic
  1734 | D:2      | Reached XP level 4. HP: 17/30 MP: 5/7
  1867 | D:2      | Found a faded altar of an unknown god.
  1874 | D:2      | Reached XP level 5. HP: 35/35 MP: 8/8
  1910 | D:2      | Noticed Natasha
  1933 | D:2      | Killed Natasha
  1934 | D:2      | Reached skill level 7 in Ice Magic
  2038 | D:2      | Noticed Natasha
  2307 | D:2      | Killed Natasha
  2732 | D:3      | Found a glowing drain.
  2740 | Sewer    | Entered a sewer
  2827 | Sewer    | Identified the +1 leather armour of the Big Bang {rCorr}
  2870 | Sewer    | Noticed Purgy
  2884 | Sewer    | Killed Purgy
  2885 | Sewer    | Reached skill level 8 in Ice Magic
  2885 | Sewer    | Reached XP level 6. HP: 28/41 MP: 2/9
  3493 | D:3      | Noticed WasteTime5's ghost (amateur DjNe)
  3494 | D:3      | Noticed a yak
  3508 | D:3      | Found a runed translucent gate.
  3508 | D:3      | Found a runed translucent gate.
  3510 | D:3      | Found a runed translucent gate.
  4306 | D:4      | Reached skill level 9 in Ice Magic
  4306 | D:4      | Reached XP level 7. HP: 42/46 MP: 1/10
  4310 | D:4      | Learned a level 3 spell: Frozen Ramparts
  4314 | D:4      | Learned a level 3 spell: Ozocubu's Armour
  4910 | D:4      | Found a sand-covered staircase.
  5091 | D:4      | Reached skill level 1 in Polearms
  5173 | D:4      | Reached skill level 1 in Fighting
  5669 | D:5      | Entered Level 5 of the Dungeon
  5915 | D:5      | Reached XP level 8. HP: 31/58 MP: 2/11
  6595 | D:5      | Noticed casual's ghost (weakling DsDe)
  6596 | D:5      | Found a runed translucent gate.
  6597 | D:5      | Found a runed translucent gate.
  6598 | D:5      | Found a runed translucent gate.
  6633 | D:5      | Reached skill level 5 in Polearms
  6761 | D:5      | Noticed Edmund
  6772 | D:5      | Killed Edmund
  7385 | D:5      | Reached skill level 5 in Fighting
  7713 | D:5      | Identified the +2 leather armour of Pathos {Int+4}
  7729 | D:5      | Learned a level 4 spell: Summon Ice Beast
  7783 | D:6      | You fall into a shaft and drop 3 floors!
  7784 | D:9      | Noticed a troll
  7824 | D:8      | HP: 1/62 [troll (12)]
  7824 | D:8      | Mangled by a troll

Illustrated notes

Levels and vault maps discovered:
D:1:      shiori_arrival_maze, layout_basic, serial_co_window_serial,
          co_window_paths_a, co_window_of_opportunity_a, co_window_paths_b,
          co_window_corner_a, co_window_corner_a, co_window_paths_b,
          co_window_broadway_a, co_window_corner_b, co_window_cross_4,
          co_window_2corner, co_window_of_opportunity_b, glass_columns_b,
          glass_columns_a, glass_columns_c, glass_columns_b
D:2:      cheibrodos_helix_gallery, layout_rooms,
          chequers_ecumenical_altar_simple, uniq_natasha
D:3:      layout_loops_cross, gammafunk_ghost_split,
          cheibrodos_sewer_entry_drain
D:4:      cheibrodos_thug_alley, layout_basic, enter_ossuary_2,
          chequers_serial_rivers_large_b
D:5:      minmay_chambers_of_fours, layout_layer_cave,
          biasface_ghost_orc_armoury, uniq_edmund
D:6:      layout_basic, minmay_temple_entry_statues_fountains, serial_shops,
          shop, kennysheep_opposing_triangles
D:8:      layout_loops_cross, lair_entry_dummy, gammafunk_ghost_nasty_kobolds,
          uniq_pikel
D:9:      layout_rooms, orc_0_dummy

Skill      XL: |  1  2  3  4  5  6  7  8 |
---------------+-------------------------+-----
Ice Magic      | 5 6 8 9 |  9.3
Polearms       | 4 6 |  6.7
Fighting       | 3 5 |  5.1
Dodging        | |  2.6
Stealth        | |  2.1
Spellcasting   | |  2.0

Action                   |  1- 3 |  4- 6 |  7- 9 || total
-------------------------+-------+-------+-------++-------
Melee: Short sword       |    24 |    88 |    23 ||   135
       Unarmed           |     1 |       |       ||     1
       Tailslap          |       |     4 |       ||     4
       Halberd           |       |       |    97 ||    97
 Cast: Freeze            |    16 |    46 |    42 ||   104
       Ozocubu's Armour  |       |       |     3 ||     3
       Summon Ice Beast  |       |       |     2 ||     2
  Use: Potion            |       |       |     2 ||     2
 Stab: Sleeping          |       |     4 |     5 ||     9
       Distracted        |       |       |     1 ||     1
Armor: Robe              |     7 |     4 |       ||    11
       Leather armour    |       |    27 |    29 ||    56
Dodge: Dodged            |    21 |    98 |    97 ||   216

Table legend: (Time is in decaauts)
 A = Elapsed time spent in this place.
 B = Non-inter-level travel time spent in this place.
 C = Inter-level travel time spent in this place.
 D = Time resting spent in this place.
 E = Time spent auto-exploring this place.
 F = Levels seen in this place.
 G = Mean time per level.
                   A        B        C        D        E       F      G
               +--------+--------+--------+--------+--------+-----+--------+
         Total |   7777 |   7400 |    377 |     89 |   6349 |   9 |  864.1 |
       Dungeon |   7473 |   7096 |    377 |     89 |   6122 |   8 |  934.1 |
         Sewer |    304 |    304 |      0 |      0 |    227 |   1 |  304.0 |
               +--------+--------+--------+--------+--------+-----+--------+

Top non-repeatable levels by time:
     D:5: 2127 daAuts
     D:1: 1672 daAuts
     D:4: 1393 daAuts
     D:3: 1189 daAuts
     D:2: 1050 daAuts
   Sewer: 304 daAuts
     D:8: 32 daAuts
     D:9: 7 daAuts
     D:6: 0 daAuts
